AoeStats
← Malelf

Arena

507691474Analyzed
1v1 RM · 12d ago on Sep 19, 2026· 38m 10s· 2 players
Game mode
Random Map
Map size
Tiny (2 player)
Population
200
Speed
Normal
Resources
Standard
Victory
Conquest
Starting age
Dark Age
Ending age
Imperial Age
RankedLock teamsTeams togetherTeam positionsShared explorationLock speedFull tech treeHidden civsTurbo modeCheats
Victory
Defeat
🇦🇹 Aztecs · Austria
1942
+6
🇮🇹 Burgundians · Italy
1704
-6
Bambinity
10:04 Feudal Age
10:13 Loom
13:40 Castle Age
12:21 Double-Bit Axe
20:18 Pikeman
24:17 Sanctity
26:19 Fervor
27:58 Redemption
32:29 Imperial Age
30:28 Horse Collar
31:36 Town Watch
33:46 Block Printing
33:58 Illumination
36:11 Theocracy
35:37 Atonement
Malelf
3:29 Double-Bit Axe
6:30 Horse Collar
11:20 Feudal Age
10:07 Gold Mining
14:48 Castle Age
13:16 Bow Saw
16:09 Scale Barding Armor
16:28 Light Cavalry
18:12 Forging
22:38 Heavy Plow
25:22 Scale Mail Armor
26:18 Squires
26:40 Chain Mail Armor
28:16 Iron Casting
28:42 Devotion
33:45 Imperial Age
32:26 Fletching
32:22 Loom
33:14 Wheelbarrow
33:28 Bodkin Arrow
35:34 Chemistry
34:54 Bracer
34:51 Stone Mining
36:26 Two-Man Saw
36:14 Masonry
38:09 Chain Barding Armor
38:35 Padded Archer Armor
Connection lost

Rejoining the realm…

Still unreachable

The connection could not be restored.

Session expired

The server has moved on; the page needs a fresh start.